 Dungeon Crawl Stone Soup version 0.17.0-28-g6e173f8 (webtiles) character file.

17983 4thArraOfDagon the Severer (level 12, -21/106 HPs)
             Began as a Minotaur Berserker on Nov 22, 2015.
             Was a High Priest of Trog.
             Demolished by a juggernaut skeleton (38 damage)
             ... on level 15 of the Dungeon.
             The game lasted 00:26:31 (4232 turns).

4thArraOfDagon the Severer (Minotaur Berserker)     Turns: 4232, Time: 00:26:31

Health: -21/106    AC: 18    Str: 24    XL:     12   Next: 23%
Magic:  16/16      EV:  9    Int: 12    God:    Trog [*****.]
Gold:   347        SH:  0    Dex: 14    Spells: 0 memorised, 11 levels left

rFire  . . .     SeeInvis .     y - +0 battleaxe
rCold  + . .     Rnd*Rage +     g - +1 chain mail of the Komodo Dragon {rC+ MR- Int+4 Dex+3}
rNeg   + . .     SustAt   .     (shield currently unavailable)
rPois  .         Gourm    .     (helmet restricted)
rElec  .         Spirit   .     k - +0 cloak
rCorr  .         Warding  .     (no gloves)
rMut   .         Stasis   .     D - +1 pair of boots {run}
MR     +....                    (no amulet)
Stlth  ..........               (no ring)
                                d - ring of positive energy

@: flayed, regenerating, quick, somewhat resistant to hostile enchantments,
extremely unstealthy
A: retaliatory headbutt, horns 2, icy blue scales 1, berserk 1, strong 1
a: Berserk, Trog's Hand, Brothers in Arms, Burn Spellbooks, Renounce Religion


You were on level 15 of the Dungeon.
You worshipped Trog.
Trog was extremely pleased with you.
You were not hungry.

You visited 2 branches of the dungeon, and saw 19 of its levels.

You collected 1025 gold pieces.
You spent 678 gold pieces at shops.

Inventory:

Hand Weapons
 a - a +0 blowgun
 t - a +0 short sword of distortion
 y - a +0 battleaxe (weapon)
 E - a +3 scimitar
Missiles
 A - 4 curare-tipped needles
Armour
 g - the +1 chain mail of the Komodo Dragon (worn) {rC+ MR- Int+4 Dex+3}
   (You bought it in a shop on level 4 of the Orcish Mines)

   It affects your intelligence (+4).
   It affects your dexterity (+3).
   It protects you from cold.
   It affects your resistance to hostile enchantments.
 k - a +0 cloak (worn)
 z - a +0 plate armour
 C - a +1 chain mail of magic resistance
 D - a +1 pair of boots of running (worn)
Jewellery
 d - a ring of positive energy (left hand)
 f - an uncursed amulet of resist mutation
Wands
 o - a wand of cold (10)
 s - a wand of frost (34)
 u - a wand of paralysis (0)
Scrolls
 b - 3 scrolls of remove curse
 h - 4 scrolls of immolation
 l - a scroll of fog
 m - 2 scrolls of amnesia
Potions
 e - 2 potions of heal wounds {unknown}
 i - 2 potions of might {unknown}
 n - 2 potions of agility {unknown}
 p - 2 potions of haste {unknown}
 r - a potion of invisibility {unknown}
 v - a potion of cancellation {unknown}
 w - a potion of curing {unknown}
 B - a potion of poison
 H - a potion of flight
Comestibles
 c - a bread ration
 j - a beef jerky
 q - a meat ration
 x - 6 chunks of flesh


   Skills:
 - Level 10.1 Fighting
 * Level 15.6 Axes
 + Level 11.6 Armour
 - Level 2.1 Dodging
 + Level 7.8 Evocations


You had 11 spell levels left.
You didn't know any spells.

Dungeon Overview and Level Annotations

Branches:
Dungeon (15/15)               Orc (4/4) D:10         Vaults (0/5) D:13
 Depths (0/5) D:15
 Temple: D:4-7         Lair: D:8-11         Elf: Orc:3-4

Altars:
Ashenzari
Okawaru
Sif Muna
Yredelemnul
Zin
Beogh

Shops:
D:10 [   D:11 :   Orc:2 (   Orc:3 (   Orc:4 [[=[


Innate Abilities, Weirdness & Mutations

You reflexively headbutt those who attack you in melee.
You have a pair of horns on your head.
You are partially covered in icy blue scales (AC +1).
You tend to lose your temper in combat.
Your muscles are strong. (Str +2)


Message History

Found a staircase to the Depths.
A necromancer, a flayed ghost, a skeletal warrior, a zombie and a skeleton come into view.
Unknown command.
Unknown command.
Unknown command.
Unknown command.
Your two-headed ogre goes berserk!
You feel somewhat more hungry.
The flayed ghost cries, "Feel what I felt!"
Terrible wounds open up all over your body!
Unknown command.
Unknown command.
Unknown command.
You swap places.
The necromancer casts a spell at you.
The bolt of fire hits the yaktaur zombie.
The bolt of fire hits you!
* * * LOW HITPOINT WARNING * * *
The juggernaut skeleton hits you!!!
You die...

..8....8..##
8..P.......#
8..........#
...W..[P...###
......z8p....#
....>...Z....#
..88.8.....#
....8..@ZP.#
........O..#.#
........Z..#.#
......P...##.#
....?...... .
##?#.#.#.O.#.
#.#.....$..# #
........O#
#####.###.###.#


You could see a skeletal warrior, a flayed ghost, a necromancer, 2 two-headed
ogres, a yaktaur zombie, a juggernaut zombie, a juggernaut skeleton and a
friendly two-headed ogre (berserk).

Vanquished Creatures
  An orc warlord (Orc:4)
  2 dancing weapons (D:13)
  A centaur warrior (D:13)
  2 orc high priests (Orc:4)
  Sonja (Orc:2)
  4 orc knights
  2 hill giants
  5 orc sorcerers
  An ugly thing (D:12)
  3 trolls
  A two-headed ogre (Orc:4)
  A wyvern (D:14)
  A deep elf mage (D:10)
  A hippogriff (D:10)
  A warg (Orc:3)
  Duvessa (D:5)
  An ice beast (D:6)
  7 ogres
  A phantom (D:8)
  32 orc warriors
  2 giant frogs
  Dowan (D:5)
  A scorpion (D:8)
  7 killer bees
  8 wights
  2 quasits
  27 orc priests
  A centaur skeleton (D:6)
  A jelly (D:9)
  2 giant frog skeletons
  3 hounds
  An iguana (D:10)
  23 orc wizards
  A worker ant zombie (D:9)
  A shadow imp (D:10)
  2 giant geckos
  172 orcs
  A goblin (D:3)
  2 hobgoblins (D:1)
  A quokka (D:3)
  3 bats (D:1)
  4 kobolds
  A rat (D:1)
336 creatures vanquished.

Notes
Turn   | Place    | Note
--------------------------------------------------------------
     0 | D:1      | 4thArraOfDagon the Minotaur Berserker began the quest for the Orb.
     0 | D:1      | Reached XP level 1. HP: 19/19 MP: 0/0
    60 | D:1      | Reached skill level 4 in Axes
    92 | D:1      | Reached XP level 2. HP: 16/27 MP: 1/1
   154 | D:3      | Found an iron altar of Okawaru.
   278 | D:5      | Entered Level 5 of the Dungeon
   278 | D:5      | Noticed Duvessa
   278 | D:5      | Noticed Dowan
   287 | D:5      | Killed Duvessa
   287 | D:5      | Reached skill level 5 in Axes
   287 | D:5      | Reached XP level 3. HP: 12/34 MP: 2/2
   287 | D:5      | Reached XP level 4. HP: 14/41 MP: 3/3
   288 | D:5      | Killed Dowan
   288 | D:5      | Reached XP level 5. HP: 16/47 MP: 4/4
   435 | D:6      | Noticed an ice beast
   464 | D:6      | Found a shattered altar of Ashenzari.
   481 | D:6      | Killed an ice beast
   481 | D:6      | Reached skill level 5 in Fighting
   481 | D:6      | Reached skill level 6 in Axes
   481 | D:6      | Reached XP level 6. HP: 46/56 MP: 5/5
   648 | D:7      | Reached ** piety under Trog
   690 | D:8      | Reached skill level 7 in Axes
   690 | D:8      | Reached skill level 5 in Armour
   690 | D:8      | Reached XP level 7. HP: 60/62 MP: 6/6
   831 | D:9      | Found a deep blue altar of Sif Muna.
   872 | D:9      | Reached skill level 8 in Axes
   897 | D:9      | Found a glowing silver altar of Zin.
   991 | D:10     | Entered Level 10 of the Dungeon
   998 | D:10     | Reached XP level 8. HP: 48/71 MP: 7/7
  1030 | D:10     | Found Jolyps's Armour Emporium.
  1065 | D:10     | Found a staircase to the Orcish Mines.
  1088 | Orc:1    | Entered Level 1 of the Orcish Mines
  1103 | Orc:1    | Reached skill level 1 in Evocations
  1112 | Orc:1    | Reached skill level 9 in Axes
  1351 | Orc:1    | Reached skill level 10 in Axes
  1477 | Orc:2    | Noticed Sonja
  1484 | Orc:2    | Killed Sonja
  1484 | Orc:2    | Reached XP level 9. HP: 81/81 MP: 8/10
  1524 | Orc:2    | Found Zoegriaq's Weapon Emporium.
  1587 | Orc:1    | Reached *** piety under Trog
  1624 | Orc:2    | Found a roughly hewn altar of Beogh.
  1634 | Orc:2    | Reached skill level 11 in Axes
  1754 | Orc:3    | Reached **** piety under Trog
  1929 | Orc:3    | Noticed an orc sorcerer
  1937 | Orc:3    | Killed an orc sorcerer
  1937 | Orc:3    | Reached XP level 10. HP: 65/90 MP: 12/12
  1946 | Orc:3    | Reached skill level 12 in Axes
  2022 | Orc:4    | Entered Level 4 of the Orcish Mines
  2120 | Orc:4    | Noticed an orc sorcerer
  2123 | Orc:4    | Killed an orc sorcerer
  2178 | Orc:4    | Reached skill level 5 in Evocations
  2178 | Orc:4    | Reached ***** piety under Trog
  2304 | Orc:4    | Found a roughly hewn altar of Beogh.
  2350 | Orc:4    | Noticed an orc knight
  2351 | Orc:4    | Found Toatwiad's Jewellery Boutique.
  2358 | Orc:4    | Killed an orc knight
  2406 | Orc:4    | Found Diaprij's Armour Shop.
  2406 | Orc:4    | Noticed an orc knight
  2422 | Orc:4    | Killed an orc knight
  2422 | Orc:4    | Reached skill level 13 in Axes
  2431 | Orc:4    | Bought a +0 pair of boots of running for 441 gold pieces
  2472 | Orc:3    | Noticed an orc sorcerer
  2482 | Orc:3    | Killed an orc sorcerer
  2483 | Orc:3    | Found Ekiejar's Weapon Emporium.
  2603 | Orc:4    | Received a gift from Trog
  2684 | Orc:4    | Noticed an orc knight
  2694 | Orc:4    | Killed an orc knight
  2694 | Orc:4    | Reached skill level 10 in Fighting
  2694 | Orc:4    | Reached XP level 11. HP: 73/99 MP: 14/14
  2775 | Orc:4    | Gained mutation: You are partially covered in icy blue scales (AC +1). [potion of mutation]
  2775 | Orc:4    | Gained mutation: You tend to lose your temper in combat. [potion of mutation]
  2775 | Orc:4    | Gained mutation: Your muscles are strong. (Str +2) [potion of mutation]
  3073 | Orc:4    | Reached skill level 10 in Armour
  3187 | Orc:4    | Noticed an orc sorcerer
  3210 | Orc:4    | Killed an orc sorcerer
  3250 | Orc:4    | Noticed an orc warlord
  3272 | Orc:4    | Killed an orc warlord
  3272 | Orc:4    | Reached skill level 14 in Axes
  3343 | Orc:4    | Noticed an orc sorcerer
  3350 | Orc:4    | Killed an orc sorcerer
  3354 | Orc:4    | Found a roughly hewn altar of Beogh.
  3409 | Orc:4    | Noticed an orc high priest
  3411 | Orc:4    | Found Reostrama's Armour Boutique.
  3417 | Orc:4    | Killed an orc high priest
  3467 | Orc:4    | Found Qestomoduola's Antique Armour Shop.
  3469 | Orc:4    | Noticed an orc high priest
  3471 | Orc:4    | Noticed a sun demon
  3480 | Orc:4    | Killed an orc high priest
  3491 | Orc:4    | Bought a distressingly furry chain mail for 237 gold pieces
  3501 | Orc:4    | Identified the +1 chain mail of the Komodo Dragon {rC+ MR- Int+4 Dex+3} (You bought it in a shop on level 4 of the Orcish Mines)
  3501 | Orc:4    | :(
  3667 | D:10     | Noticed an orc knight
  3683 | D:10     | Noticed a deep elf mage
  3688 | D:10     | Killed a deep elf mage
  3695 | D:10     | Killed an orc knight
  3731 | D:11     | Reached skill level 15 in Axes
  3736 | D:11     | Noticed a hill giant
  3792 | D:11     | Killed a hill giant
  3820 | D:11     | Found Utrigo's Book Boutique.
  3825 | D:11     | Received a gift from Trog
  3899 | D:13     | Found a basalt altar of Yredelemnul.
  3956 | D:13     | Noticed a centaur warrior
  3971 | D:13     | Killed a centaur warrior
  3971 | D:13     | Reached XP level 12. HP: 79/106 MP: 16/16
  4000 | D:13     | Noticed an enchanted long sword
  4007 | D:13     | Killed an enchanted long sword
  4041 | D:13     | Found a gate to the Vaults.
  4041 | D:13     | Noticed an enchanted long sword
  4050 | D:13     | Killed an enchanted long sword
  4225 | D:15     | Entered Level 15 of the Dungeon
  4226 | D:15     | Noticed a juggernaut zombie
  4227 | D:15     | rly
  4230 | D:15     | Found a staircase to the Depths.
  4231 | D:15     | Noticed a juggernaut skeleton
  4232 | D:15     | Demolished by a juggernaut skeleton

Action                   |  1- 3 |  4- 6 |  7- 9 | 10-12 || total
-------------------------+-------+-------+-------+-------++-------
Melee: Hand axe          |    24 |    35 |   158 |       ||   217
       Battleaxe         |       |       |    91 |   355 ||   446
 Fire: Blowgun           |       |       |       |     4 ||     4
Invok: Berserk           |     1 |     2 |     9 |    23 ||    35
       Trog's Hand       |       |       |    12 |    12 ||    24
       Brothers in Arms  |       |       |       |     1 ||     1
Evoke: Wand              |       |       |     5 |       ||     5
  Use: Scroll            |       |       |     1 |    11 ||    12
       Potion            |       |       |       |     1 ||     1
 Stab: Paralysed         |       |       |     8 |       ||     8
  Eat: Chunk             |       |     1 |    12 |    36 ||    49
       Bread ration      |       |       |     1 |       ||     1
